 Dungeon Crawl Stone Soup version 0.27.0-65-ge2af304b15 (webtiles) character file.

Game seed: 1058573576525975632

6 Thatpatchoflichen the Stinger (level 1, -1/14 HPs)
             Began as a Draconian Venom Mage on Aug 18, 2021.
             Slain by a jackal (3 damage)
             ... on level 1 of the Dungeon.
             The game lasted 00:02:19 (203 turns).

Thatpatchoflichen the Stinger (Draconian Venom Mage) Turns: 203, Time: 00:02:20

Health: -1/14      AC:  4    Str: 10    XL:     1   Next: 75%
Magic:  1/3        EV: 12    Int: 15    God:
Gold:   0          SH:  0    Dex: 11    Spells: 3/4 levels left

rFire    . . .     SeeInvis .   (no weapon)
rCold    . . .     Faith    .   (no shield)
rNeg     . . .     Spirit   .   (armour unavailable)
rPois    .         Reflect  .   (helmet restricted)
rElec    .         Harm     .   (no cloak)
rCorr    .         Rampage  .   (no gloves)
Will     .....                  (no boots)
Stlth    ++........             (no amulet)
HPRegen  0.04/turn              (no ring)
MPRegen  0.08/turn              (no ring)

@: no status effects
A: AC +4, unfitting armour, cold-blooded
a: no special abilities


You were on level 1 of the Dungeon.
You visited 1 branch of the dungeon, and saw 1 of its levels.

Inventory:

Scrolls
 b - a scroll of identify {unknown}
Potions
 a - a potion of invisibility {unknown}


   Skills:
 - Level 2.0 Dodging
 - Level 1.7 Stealth
 + Level 2.1 Spellcasting
 - Level 1.0 Transmutations
 + Level 3.1 Poison Magic


You had 3 spell levels left.
You knew the following spells:

 Your Spells              Type           Power      Damage    Failure   Level
a - Sting                 Tmut/Pois      28%        1d4       10%         1

Your spell library contained the following spells:

 Spells                   Type           Power      Damage    Failure   Level
 Poisonous Vapours        Pois/Air       12%        N/A       17%         2
 Mephitic Cloud           Conj/Pois/Air  4%         N/A       38%         3
 Olgreb's Toxic Radiance  Pois           11%        N/A       52%         4


Dungeon Overview and Level Annotations

Branches:
Dungeon (1/15)

Altars:


Innate Abilities, Weirdness & Mutations

Your plain brown scales are hard. (AC +4)
You cannot fit into any form of body armour.
You are cold-blooded and may be slowed by cold attacks.


Message History

A nearby demonic plant withers and dies.
The jackal bites you but does no damage.
The jackal barely misses you.
The jackal bites you but does no damage.
A jackal comes into view.
Your magical contamination has completely faded away.
You see here a frilled lizard corpse.
The jackal barks!
You hit the jackal.
The jackal is moderately wounded.
You hear a bark!
The jackal closely misses you. The jackal bites you.
* * * LOW HITPOINT WARNING * * *
You hit the jackal but do no damage.
The jackal is moderately wounded.
The jackal bites you but does no damage.
You closely miss the jackal.
Your tail-slap misses the jackal.
The jackal is moderately wounded.
The jackal barely misses you. x2
You hit the jackal but do no damage.
The jackal is moderately wounded.
The jackal bites you.
* * * LOW HITPOINT WARNING * * *
The jackal misses you. x2
You hit the jackal but do no damage. You tail-slap the jackal.
You kill the jackal!
The jackal bites you but does no damage. x2
Training target 2.0 for Dodging reached!
Your Dodging skill increases to level 2!
You hit the jackal but do no damage. The jackal bites you.
* * * LOW HITPOINT WARNING * * *
The jackal bites you but does no damage.
The jackal barely misses you.
You closely miss the jackal. The jackal barely misses you.
The jackal closely misses you. The jackal barely misses you.
You hit the jackal but do no damage. You tail-slap the jackal.
The jackal is lightly wounded.
The jackal bites you but does no damage.
The jackal closely misses you. The jackal bites you.
You die...

.....#.........#....#..#
#.#....#####.........#.##.
....##.######.............
...............#..........
..#####............##.##
..#####..#######.......#
.........#8...8#..###.....
.###.##.##.###.#hh# ....
.#......#_.#2#.†@.# ...
...####.##.###.#..........
.#. #..#8...8#..####...h
.# #..#######..# .# #...
.... .. ##. ....#. ....##.
#....# #.


You could see a tormentor (petrified) and 2 jackals.

Vanquished Creatures
  A jackal (D:1)
  2 quokkas (D:1)
  A ball python (D:1)
  2 frilled lizards (D:1)
6 creatures vanquished.

Vanquished Creatures (others)
  2 demonic plants (D:1)
2 creatures vanquished.

Grand Total: 8 creatures vanquished

Notes
Turn   | Place    | Note
-------+----------+-------------------------------------------
     0 | D:1      | Thatpatchoflichen the Draconian Venom Mage began the quest
                  | for the Orb.
     0 | D:1      | Reached XP level 1. HP: 14/14 MP: 3/3
   183 | D:1      | Found a faded altar of an unknown god.
   183 | D:1      | Noticed a tormentor
   203 | D:1      | Slain by a jackal

Illustrated notes

Levels and vault maps discovered:
D:1:      wander_arrival_chamber, layout_rooms,
          dreamdust_ecumenical_altar_sealed_demon, serial_bayou_pond_d

Skill      XL: |  1 |
---------------+----+-----
Dodging        | 2 |  2.0
Stealth        | |  1.7
Spellcasting   | |  2.1
Transmutations | |  1.0
Poison Magic   | |  3.1

Action                   || total
-------------------------++-------
Melee: Unarmed           ||    14
       Tailslap          ||     3
 Cast: Sting             ||     8
Armor: Skin              ||    10
Dodge: Dodged            ||    23
